General information
- name: BNet
- type: Ladder team game (AT/RT)
- host: Battle.net
- saver: i.love.cum
map: BloodstoneMesa
- players: 6
- length: 30:10
- speed: Fast
- version: 1.21 W3XP
- replay type: Public
» download(137 KB)
Players
team 1 (loser)
kaskastyle (
red | 17 APM | 452 actions | 26:38)
1 Dreadlord
1 Carrion Swarm
1 Death Knight
1 Death Coil
» actions
| Build / train | 47 | |
| Enter build submenu | 19 | |
| Enter hero's abilities submenu | 2 | |
| Remove unit from queue | 3 | |
| Right click | 177 | |
| Select / deselect | 184 | |
| Use ability | 20 | |
452 total
» units
| Acolyte | 5 | |
| Ghoul | 14 | |
| Gargoyle | 4 | |
| Frost Wyrm | 4 | |
27 total
» upgrades
| Cannibalize | 1 | |
| Ghoul Frenzy | 1 | |
| Unholy Strength | 1 | |
| Unholy Armor | 0 | |
| Creature Attack | 2 | |
| Creature Carapace | 1 | |
| Web | 0 | |
| Freezing Breath | 1 | |
7 total
» buildings
| Ziggurat | 7 | |
| Altar of Darkness | 1 | |
| Crypt | 2 | |
| Tomb of Relics | 1 | |
| Halls of the Dead | 1 | |
| Black Citadel | 1 | |
| Nerubian Tower | 2 | |
| Graveyard | 1 | |
| Sacrificial Pit | 1 | |
| Boneyard | 3 | |
20 total
» build order
00:30 Ziggurat
00:36 Altar of Darkness
00:45 Crypt
01:35 Crypt
01:43 Tomb of Relics
03:13 Halls of the Dead
03:53 Ziggurat
04:07 Ziggurat
05:43 Black Citadel
06:40 Ziggurat
06:43 Nerubian Tower
06:59 Graveyard
07:04 Nerubian Tower
10:54 Sacrificial Pit
12:40 Boneyard
12:48 Boneyard
16:33 Boneyard
16:41 Ziggurat
21:12 Ziggurat
22:10 Ziggurat
» items
| Rod of Necromancy | 1 | |
| Orb of Corruption | 1 | |
2 total

»
Krazy-K (
purple | 34 APM | 982 actions | 28:38)
4 Dark Ranger
2 Black Arrow
2 Life Drain
» actions
| Build / train | 60 | |
| Enter build submenu | 23 | |
| Enter hero's abilities submenu | 4 | |
| Give item / drop item | 1 | |
| Right click | 362 | |
| Select / deselect | 460 | |
| Use ability | 72 | |
982 total
» units
| Acolyte | 10 | |
| Ghoul | 7 | |
| Necromancer | 11 | |
| Meatwagon | 7 | |
| Abomination | 3 | |
38 total
» upgrades
| Unholy Strength | 3 | |
| Skeletal Longevity | 1 | |
| Exhume Corpses | 1 | |
| Necromancer Training | 2 | |
| Unholy Armor | 3 | |
| Skeletal Mastery | 1 | |
| Disease Cloud | 1 | |
12 total
» buildings
| Altar of Darkness | 1 | |
| Ziggurat | 9 | |
| Crypt | 2 | |
| Nerubian Tower | 1 | |
| Tomb of Relics | 1 | |
| Graveyard | 1 | |
| Halls of the Dead | 1 | |
| Black Citadel | 1 | |
| Temple of the Damned | 2 | |
| Slaughterhouse | 2 | |
21 total
» build order
00:10 Altar of Darkness
00:13 Ziggurat
00:28 Crypt
01:03 Crypt
01:42 Ziggurat
01:45 Nerubian Tower
02:17 Tomb of Relics
02:51 Ziggurat
04:10 Graveyard
05:21 Halls of the Dead
07:42 Black Citadel
07:50 Temple of the Damned
07:54 Temple of the Damned
07:59 Ziggurat
08:23 Slaughterhouse
17:53 Ziggurat
18:30 Ziggurat
18:32 Ziggurat
18:37 Ziggurat
21:16 Slaughterhouse
24:28 Ziggurat
» items
madstyle (
yellow | 20 APM | 611 actions | 30:08)
4 Blademaster
2 Critical Strike
2 Wind Walk
1 Shadow Hunter
1 Healing Wave
» actions
| Build / train | 55 | |
| Enter build submenu | 34 | |
| Enter hero's abilities submenu | 5 | |
| Right click | 202 | |
| Select / deselect | 272 | |
| Use ability | 43 | |
611 total
» units
| Peon | 13 | |
| Grunt | 3 | |
| Troll Headhunter/Berserker | 17 | |
| Shaman | 2 | |
35 total
» upgrades
| Troll Regeneration | 1 | |
| Berserker Upgrade | 1 | |
| Shaman Training | 2 | |
4 total
» buildings
| Altar of Storms | 1 | |
| Barracks | 2 | |
| Orc Burrow | 10 | |
| War Mill | 1 | |
| Watch Tower | 5 | |
| Stronghold | 2 | |
| Voodoo Lounge | 1 | |
| Fortress | 1 | |
| Spirit Lodge | 1 | |
24 total
» build order
00:07 Altar of Storms
00:11 Barracks
00:18 Barracks
00:25 Orc Burrow
01:57 Orc Burrow
02:54 Orc Burrow
03:28 War Mill
05:23 Watch Tower
07:45 Stronghold
09:04 Stronghold
09:26 Voodoo Lounge
10:30 Orc Burrow
11:49 Fortress
13:06 Spirit Lodge
15:27 Watch Tower
16:55 Orc Burrow
17:00 Watch Tower
17:17 Orc Burrow
17:38 Orc Burrow
18:55 Orc Burrow
19:21 Orc Burrow
20:31 Orc Burrow
21:34 Watch Tower
26:13 Watch Tower
» items
| Healing Salve | 3 | |
| Potion of Mana | 3 | |
6 total
team 2 (winner)
BiasVacation (
blue | 43 APM | 1308 actions | 30:09)
6 Blademaster
3 Wind Walk
2 Critical Strike
1 Bladestorm
» actions
| Assign group hotkey | 5 | |
| Basic commands | 26 | |
| Build / train | 77 | |
| Enter build submenu | 34 | |
| Enter hero's abilities submenu | 6 | |
| Give item / drop item | 2 | |
| Remove unit from queue | 1 | |
| Right click | 662 | |
| Select / deselect | 245 | |
| Select group hotkey | 136 | |
| Use ability | 114 | |
1308 total
» units
| Peon | 22 | |
| Grunt | 2 | |
| Troll Batrider | 15 | |
39 total
» upgrades
| Ranged Weapons | 3 | |
| Liquid Fire | 1 | |
| Troll Regeneration | 1 | |
| Reinforced Defenses | 1 | |
| Armor | 2 | |
| Berserker Upgrade | 1 | |
| Envenomed Spears | 1 | |
| War Drums Damage Increase | 1 | |
| Backpack | 1 | |
| Pillage | 1 | |
| Berserker Strength | 1 | |
| Burning Oil | 1 | |
15 total
» buildings
| Altar of Storms | 1 | |
| Orc Burrow | 4 | |
| War Mill | 1 | |
| Watch Tower | 19 | |
| Stronghold | 1 | |
| Barracks | 1 | |
| Voodoo Lounge | 1 | |
| Beastiary | 2 | |
| Fortress | 1 | |
| Great Hall | 1 | |
| Spirit Lodge | 2 | |
34 total
» build order
00:42 Altar of Storms
00:47 Orc Burrow
01:11 War Mill
02:26 Watch Tower
02:31 Watch Tower
03:30 Watch Tower
03:33 Watch Tower
03:35 Watch Tower
03:41 Orc Burrow
04:28 Stronghold
04:47 Watch Tower
05:21 Barracks
05:25 Watch Tower
05:31 Watch Tower
05:44 Voodoo Lounge
06:52 Beastiary
07:03 Orc Burrow
07:59 Beastiary
08:03 Watch Tower
09:07 Orc Burrow
09:18 Watch Tower
09:22 Fortress
10:36 Great Hall
11:31 Watch Tower
11:32 Watch Tower
12:46 Watch Tower
14:26 Watch Tower
14:27 Watch Tower
16:22 Watch Tower
16:23 Watch Tower
17:33 Watch Tower
18:41 Watch Tower
29:48 Spirit Lodge
29:51 Spirit Lodge
» items
| Healing Salve | 4 | |
| Orb of Lightning | 1 | |
| Lesser Clarity Potion | 2 | |
| Potion of Mana | 2 | |
| Tiny Great Hall | 2 | |
| Potion of Healing | 2 | |
13 total
i.love.cum (
teal | 59 APM | 1777 actions | 30:10)
5 Mountain King
3 Storm Bolt
2 Bash
3 Paladin
2 Holy Light
1 Divine Shield
» actions
| Assign group hotkey | 10 | |
| Basic commands | 4 | |
| Build / train | 108 | |
| ESC pressed | 2 | |
| Enter build submenu | 42 | |
| Enter hero's abilities submenu | 8 | |
| Give item / drop item | 14 | |
| Right click | 658 | |
| Select / deselect | 278 | |
| Select group hotkey | 485 | |
| Use ability | 168 | |
1777 total
» units
| Peasant | 22 | |
| Sorceress | 3 | |
| Priest | 2 | |
27 total
» upgrades
| Masonry | 3 | |
| Lumber Harvesting | 2 | |
| Magic Sentry | 1 | |
| Priest Training | 2 | |
| Sorceress Training | 2 | |
10 total
» buildings
| Altar of Kings | 2 | |
| Farm | 5 | |
| Lumber Mill | 2 | |
| Scout Tower | 56 | |
| Arcane Tower | 3 | |
| Guard Tower | 30 | |
| Arcane Vault | 1 | |
| Keep | 1 | |
| Town Hall | 1 | |
| Castle | 1 | |
| Arcane Sanctum | 2 | |
104 total
» build order
00:09 Altar of Kings
00:12 Altar of Kings
00:20 Farm
00:29 Lumber Mill
00:52 Scout Tower
01:18 Arcane Tower
01:19 Arcane Tower
01:21 Scout Tower
01:36 Farm
01:55 Guard Tower
01:59 Scout Tower
02:24 Scout Tower
02:27 Guard Tower
02:27 Guard Tower
02:27 Guard Tower
03:27 Guard Tower
03:43 Arcane Vault
03:48 Scout Tower
03:49 Scout Tower
04:27 Guard Tower
04:33 Scout Tower
05:23 Guard Tower
06:06 Scout Tower
06:33 Guard Tower
06:34 Scout Tower
07:15 Guard Tower
07:17 Scout Tower
07:23 Keep
07:35 Scout Tower
07:35 Scout Tower
07:37 Scout Tower
07:38 Scout Tower
07:52 Guard Tower
07:54 Scout Tower
07:55 Scout Tower
08:03 Guard Tower
08:05 Arcane Tower
08:05 Guard Tower
08:07 Guard Tower
08:10 Scout Tower
08:11 Scout Tower
08:17 Scout Tower
08:19 Scout Tower
08:32 Farm
08:41 Guard Tower
08:48 Guard Tower
09:03 Town Hall
09:11 Scout Tower
09:13 Scout Tower
09:38 Scout Tower
09:39 Scout Tower
09:40 Guard Tower
09:55 Guard Tower
09:56 Scout Tower
09:57 Scout Tower
10:24 Guard Tower
10:50 Guard Tower
10:56 Scout Tower
10:58 Scout Tower
10:59 Scout Tower
12:10 Castle
12:19 Arcane Sanctum
12:21 Arcane Sanctum
12:27 Farm
13:10 Guard Tower
13:59 Scout Tower
13:59 Scout Tower
14:01 Scout Tower
14:02 Scout Tower
14:04 Scout Tower
14:05 Scout Tower
14:07 Scout Tower
14:43 Farm
14:46 Guard Tower
16:06 Guard Tower
16:38 Guard Tower
17:25 Guard Tower
27:00 Scout Tower
27:01 Scout Tower
27:02 Scout Tower
27:03 Scout Tower
27:04 Scout Tower
27:05 Scout Tower
27:07 Scout Tower
27:08 Scout Tower
27:09 Scout Tower
27:10 Scout Tower
27:12 Scout Tower
27:12 Scout Tower
27:15 Scout Tower
27:16 Scout Tower
28:01 Guard Tower
28:07 Guard Tower
28:11 Scout Tower
28:12 Scout Tower
28:14 Scout Tower
28:15 Scout Tower
28:46 Guard Tower
28:51 Scout Tower
28:53 Guard Tower
28:57 Lumber Mill
29:03 Scout Tower
29:13 Guard Tower
» items
| Lesser Clarity Potion | 10 | |
| Scroll of Regeneration | 4 | |
| Healing Salve | 1 | |
| Orb of Lightning | 2 | |
| Staff of Sanctuary | 2 | |
| Potion of Mana | 5 | |
| Scroll of Town Portal | 1 | |
25 total
MyPigBenis (
green | 47 APM | 1428 actions | 30:09)
5 Blademaster
2 Wind Walk
3 Critical Strike
» actions
| Basic commands | 74 | |
| Build / train | 57 | |
| Enter build submenu | 49 | |
| Enter hero's abilities submenu | 5 | |
| Remove unit from queue | 3 | |
| Right click | 868 | |
| Select / deselect | 205 | |
| Use ability | 167 | |
1428 total
» units
» upgrades
| Liquid Fire | 1 | |
| Reinforced Defenses | 1 | |
| Spiked Barricades | 1 | |
| Ranged Weapons | 1 | |
4 total
» buildings
| Orc Burrow | 5 | |
| War Mill | 11 | |
| Altar of Storms | 2 | |
| Watch Tower | 100 | |
| Stronghold | 1 | |
| Voodoo Lounge | 1 | |
| Beastiary | 2 | |
| Great Hall | 1 | |
| Fortress | 1 | |
124 total
» build order
01:33 Orc Burrow
01:42 War Mill
01:47 Altar of Storms
01:50 Altar of Storms
02:44 Orc Burrow
03:44 Watch Tower
03:47 Watch Tower
04:01 Watch Tower
05:06 Watch Tower
05:07 Watch Tower
05:08 Watch Tower
05:57 Watch Tower
05:58 Watch Tower
05:58 Watch Tower
06:09 Stronghold
06:26 Watch Tower
06:30 Watch Tower
06:40 Watch Tower
07:42 Voodoo Lounge
07:47 Watch Tower
07:48 Watch Tower
07:53 Watch Tower
07:54 Watch Tower
07:56 Watch Tower
07:57 Watch Tower
08:09 Watch Tower
08:11 Watch Tower
08:13 Watch Tower
08:14 Watch Tower
08:15 Watch Tower
08:17 Watch Tower
08:51 Beastiary
09:25 Beastiary
09:44 Orc Burrow
09:46 Orc Burrow
12:29 Great Hall
12:34 Watch Tower
12:35 Watch Tower
12:36 Watch Tower
12:38 Watch Tower
12:39 Watch Tower
12:40 Watch Tower
13:14 Orc Burrow
13:54 Watch Tower
13:55 Watch Tower
13:55 Watch Tower
13:58 Watch Tower
13:58 Watch Tower
13:59 Watch Tower
14:10 Watch Tower
14:31 War Mill
15:14 Watch Tower
15:23 Watch Tower
15:24 Watch Tower
16:29 Watch Tower
16:32 Watch Tower
16:44 Watch Tower
18:12 Watch Tower
18:13 Watch Tower
18:14 Watch Tower
19:24 Fortress
20:57 Watch Tower
21:13 Watch Tower
21:14 Watch Tower
21:15 Watch Tower
21:19 Watch Tower
21:20 Watch Tower
21:21 Watch Tower
21:30 Watch Tower
21:30 Watch Tower
21:31 Watch Tower
22:45 Watch Tower
22:45 Watch Tower
22:46 Watch Tower
23:30 Watch Tower
23:31 Watch Tower
23:32 Watch Tower
23:52 Watch Tower
23:53 Watch Tower
23:54 Watch Tower
24:22 Watch Tower
24:22 Watch Tower
24:23 Watch Tower
24:23 Watch Tower
24:25 Watch Tower
24:25 Watch Tower
24:27 Watch Tower
24:28 Watch Tower
24:29 Watch Tower
24:29 Watch Tower
24:47 Watch Tower
24:48 Watch Tower
24:50 Watch Tower
24:56 War Mill
24:59 War Mill
25:00 War Mill
25:01 War Mill
25:02 War Mill
25:03 War Mill
25:05 War Mill
25:07 War Mill
25:15 Watch Tower
25:15 Watch Tower
25:34 War Mill
27:11 Watch Tower
27:12 Watch Tower
27:13 Watch Tower
27:14 Watch Tower
27:14 Watch Tower
27:16 Watch Tower
29:44 Watch Tower
29:47 Watch Tower
29:50 Watch Tower
29:51 Watch Tower
29:53 Watch Tower
29:54 Watch Tower
29:54 Watch Tower
29:55 Watch Tower
29:58 Watch Tower
30:01 Watch Tower
30:03 Watch Tower
30:05 Watch Tower
30:07 Watch Tower
30:08 Watch Tower
» items
| Healing Salve | 2 | |
| Lesser Clarity Potion | 1 | |
| Potion of Healing | 3 | |
| Potion of Mana | 2 | |
| Orb of Lightning | 1 | |
9 total
Chat log
(00:38 / Allies) BiasVacation: are we playing this
(09:56 / Allies) BiasVacation: haha
(10:12 / Allies) BiasVacation: haha
(10:30 / Allies) BiasVacation: haha
(12:18 / Allies) BiasVacation: lil gold
(13:40 / Allies) BiasVacation: take
(14:06 / Allies) BiasVacation: haha
(18:14 / Allies) BiasVacation: haha
(18:38 / All) kaskastyle: lol no skill loser
(18:42 / All) MyPigBenis: lol
(18:52 / All) kaskastyle: stfu
(18:57 / All) BiasVacation: U
(19:00 / All) MyPigBenis: im not the one suicidng towers
(19:02 / All) kaskastyle: fuclin fags
(19:07 / All) MyPigBenis: 2ez
(19:13 / All) MyPigBenis: goback to halo 3
(19:24 / Allies) BiasVacation: i need lumber
(19:25 / All) kaskastyle: stfu i bet ur both gay
(19:34 / All) BiasVacation: you mean all three of us
(19:38 / All) MyPigBenis: ahahhaa
(19:43 / All) kaskastyle: fuckin chumps
(21:32 / Allies) BiasVacation: a life/
(21:33 / Allies) BiasVacation: ?
(21:49 / Allies) BiasVacation: a life would have been better
(23:07 / All) BiasVacation: you all are absolutely terrible
(23:38 / All) kaskastyle: lol maphackers
(23:47 / All) Krazy-K: maphackin queerz
(23:51 / All) kaskastyle: lol fuckin noobs
(24:05 / All) BiasVacation: get out
(24:17 / All) kaskastyle: stfu hacker
(24:22 / All) BiasVacation: hahaa
(25:07 / Allies) BiasVacation: haha
(25:37 / All) kaskastyle: fukin loser learn how 2 play without hacks u fukin fag
(25:41 / All) BiasVacation: g
(25:42 / All) BiasVacation: t
(25:43 / All) BiasVacation: f
(25:45 / All) BiasVacation: o
(25:49 / All) kaskastyle: stfu
(26:00 / All) BiasVacation: does it make you feel better to call us hacker
(26:06 / All) kaskastyle: go fuk ur mom u fucking fag
(26:08 / All) MyPigBenis: all we did was build towers and then you show no manners
(26:25 / Allies) BiasVacation: haha
(26:30 / All) kaskastyle: stfu u both fags
(26:41 / Allies) BiasVacation: haha
(26:44 / All) i.love.cum: 2ez nubs
(26:55 / All) MyPigBenis: zero micro
(28:08 / Allies) BiasVacation: haha
(28:20 / All) Krazy-K: fuck that is 1 lame ass fuckin strat but it works seriously fuckin lamme gg fags
(28:25 / All) i.love.cum: 2ez nubs
(28:30 / All) Krazy-K: lol i bet
(28:33 / All) Krazy-K: ge a life
(28:36 / All) Krazy-K: fuckerz
(28:41 / All) i.love.cum: like playing warcraft?
(28:54 / All) MyPigBenis: towers